 Dungeon Crawl Stone Soup version 0.25-a0-507-gf66f01b (webtiles) character file.

Game seed: 14813363303584372400, levelgen mode: deterministic

252 15 the Ruffian (level 5, -4/42 HPs)
             Began as a Draconian Transmuter on Feb 14, 2020.
             Slain by a sky beast (5 damage)
             ... on level 7 of the Dungeon on Feb 15, 2020.
             The game lasted 00:12:50 (2841 turns).

15 the Ruffian (Draconian Transmuter)               Turns: 2841, Time: 00:12:50

Health: -4/42      AC:  5    Str: 14    XL:     5   Next: 89%
Magic:  9/9        EV: 13    Int: 13    God:
Gold:   102        SH:  0    Dex: 11    Spells: 4/10 levels left

rFire    + . .     SeeInvis .     - Unarmed
rCold    + . .     Gourm    .   (no shield)
rNeg     . . .     Faith    .   (armour unavailable)
rPois    .         Spirit   .   (helmet restricted)
rElec    .         Reflect  .   e - scarf {rC+ rF+}
rCorr    .         Harm     .   (no gloves)
MR       .....                  (no boots)
Stlth    +.........             (no amulet)
HPRegen  0.14/turn              (no ring)
MPRegen  0.11/turn              (no ring)

@: no status effects
A: unfitting armour, cold-blooded, AC +5
a: no special abilities


You were on level 7 of the Dungeon.
You were not hungry.

You visited 1 branch of the dungeon, and saw 5 of its levels.

You collected 102 gold pieces.

Inventory:

Missiles
 a - 79 arrows
Armour
 e - a scarf of resistance (worn)
Magical Staves
 f - an uncursed staff of death
Wands
 j - a wand of acid (7)
Scrolls
 d - a scroll of fog {unknown}
 g - 2 scrolls of magic mapping
 i - 2 scrolls of teleportation {unknown}
 k - a scroll of amnesia {unknown}
Potions
 h - a potion of might
 l - a potion of resistance {unknown}
 m - a potion of mutation {unknown}
Comestibles
 c - 4 rations


   Skills:
 * Level 2.7 Fighting
 * Level 2.9 Dodging
 + Level 0.7 Stealth
 + Level 4.1 Unarmed Combat
 * Level 3.1 Spellcasting
 * Level 2.9 Transmutations


You had 4 spell levels left.
You knew the following spells:

 Your Spells              Type           Power        Failure   Level  Hunger
a - Beastly Appendage     Tmut           #.....       7%          1    #......
b - Sticks to Snakes      Tmut           #.......     11%         2    ##.....
c - Spider Form           Tmut/Pois      #.........   36%         3    ###....

Your spell library contained the following spells:

 Spells                   Type           Power        Failure   Level  Hunger
 Ice Form                 Ice/Tmut       #.......     77%         4    #####..
 Blade Hands              Tmut           #.........   88%         5    ######.


Dungeon Overview and Level Annotations

Branches:
Dungeon (4/15)
 Temple: D:4-7

Altars:
Zin


Innate Abilities, Weirdness & Mutations

Your plain brown scales are hard. (AC +5)
You cannot fit into any form of body armour.
You are cold-blooded and may be slowed by cold attacks.


Message History

Deactivating autopickup; reactivate with Ctrl-A.
Something hits you but does no damage.
You closely miss something. Something hits you. Something shocks you.
You miss something. Something hits you. Something shocks you.
* * * LOW HITPOINT WARNING * * *
You closely miss something.
Your tail-slap misses something.
Something completely misses you.
You hit something. Your kick misses something. Something hits you.
* * * LOW HITPOINT WARNING * * *
Something shocks you.
* * * LOW HITPOINT WARNING * * *
You miss something. You claw something.
Your talons disappear.
Something hits you but does no damage.
You hit something but do no damage. Something hits you but does no damage.
You miss something.
Your tail-slap misses something.
You miss something. Something hits you.
* * * LOW HITPOINT WARNING * * *
Something shocks you.
You die...

.........#.........###.#
.........#.........+.#.#
...................#.#.#
.......................#
...................#...#
............########.#.#
#####.......# #.#.#
######+#########.##♣
........{@.>#.#
..............#
###....######## #....
#.... #.... #.... #....
.....


There were no monsters in sight!

Vanquished Creatures
  A phantom (D:4)
  A howler monkey skeleton (D:7)
  8 adders
  2 worms
  3 dart slugs (D:1)
  A leopard gecko (D:3)
  4 orcs (D:3)
  4 giant cockroaches
  8 goblins
  9 hobgoblins
  4 jackals (D:1)
  A quokka (D:3)
  2 bats
  3 frilled lizards
  5 kobolds
  4 rats
60 creatures vanquished.

Vanquished Creatures (collateral kills)
  2 adders (D:2)
  A worm (D:2)
3 creatures vanquished.

Grand Total: 63 creatures vanquished

Notes
Turn   | Place    | Note
-------+----------+-------------------------------------------
     0 | D:1      | 15 the Draconian Transmuter began the quest for the Orb.
     0 | D:1      | Reached XP level 1. HP: 16/16 MP: 3/3
   216 | D:1      | Reached XP level 2. HP: 15/23 MP: 3/5
  1058 | D:1      | Reached XP level 3. HP: 24/28 MP: 6/6
  1257 | D:2      | Found a faded altar of an unknown god.
  1382 | D:2      | Learned a level 2 spell: Sticks to Snakes
  1386 | D:2      | Learned a level 3 spell: Spider Form
  1477 | D:2      | Reached XP level 4. HP: 22/35 MP: 2/7
  1798 | D:2      | Found a glowing silver altar of Zin.
  2431 | D:3      | Reached XP level 5. HP: 36/42 MP: 7/9
  2677 | D:4      | Noticed a phantom
  2680 | D:4      | Got a steaming hunting sling
  2695 | D:4      | Killed a phantom
  2695 | D:4      | Reached skill level 4 in Unarmed Combat
  2699 | D:4      | Identified the cursed +0 hunting sling of Impatience
                  | {flame, +Inv MR- Str-2 Int+6} (You found it on level 4 of
                  | the Dungeon)
  2757 | D:4      | You fall into a shaft and drop 3 floors!
  2814 | D:7      | Noticed a sky beast
  2841 | D:7      | HP: 1/42 [something (4)]
  2841 | D:7      | Slain by a sky beast

Levels and vault maps discovered:
D:1:      nagdon_arrival_double_spiral, layout_basic
D:2:      layout_basic, zin_scriptorium, chequers_ecumenical_altar_island
D:3:      layout_loops_ring
D:4:      layout_layer_cave, portal_sewer_entry_d
D:7:      kennysheep_kobold_camp, layout_basic, minmay_temple_entry_large_hall

Skill      XL: |  1  2  3  4  5 |
---------------+----------------+-----
Dodging        | 2 |  2.9
Fighting       | 2 |  2.7
Unarmed Combat | 4 |  4.1
Spellcasting   | 3 |  3.1
Stealth        | |  0.7
Transmutations | |  2.9

Action                   |  1- 3 |  4- 6 || total
-------------------------+-------+-------++-------
Melee: Unarmed           |   142 |   121 ||   263
       Tailslap          |    15 |    12 ||    27
       Punch             |     3 |     2 ||     5
       Kick              |     4 |    12 ||    16
       Headbutt          |     1 |     5 ||     6
 Cast: Beastly Appendage |    11 |    14 ||    25
       Sticks to Snakes  |     4 |     6 ||    10
  Use: Scroll            |     2 |     2 ||     4
       Potion            |       |     1 ||     1
 Stab: Sleeping          |       |     1 ||     1
  Eat: Chunk             |     2 |     5 ||     7
Armor: Skin              |    38 |    25 ||    63
Dodge: Dodged            |    85 |    62 ||   147

Table legend:
 A = Non-vault XP
 B = Vault XP
 C = Vault XP percentage of total XP
 D = Non-vault monster count
 E = Vault monster count
 F = Vault count percentage of total count
                 A         B        C        D         E       F
            +---------+---------+-------+---------+---------+-------
      Total |     361 |       0 |   0.0 |      63 |       0 |   0.0
            +---------+---------+-------+---------+---------+-------
        D:1 |      44 |       0 |   0.0 |      21 |       0 |   0.0
        D:2 |      86 |       0 |   0.0 |      20 |       0 |   0.0
        D:3 |      97 |       0 |   0.0 |      20 |       0 |   0.0
        D:4 |     120 |       0 |   0.0 |       1 |       0 |   0.0
        D:7 |      14 |       0 |   0.0 |       1 |       0 |   0.0
            +---------+---------+-------+---------+---------+-------
